 Dungeon Crawl Stone Soup version 0.31-a0-102-g33a4ccc0cb (console) character file.

Game seed: 15271196058302021901

50 petzl the Sneak (level 4, -6/35 HPs)
             Began as a Formicid Delver on May 26, 2023.
             Was an Initiate of Vehumet.
             Hit by a large rock thrown by a cyclops (9 damage)
             ... on level 11 of the Dungeon.
             The game lasted 00:06:34 (1059 turns).

petzl the Sneak (Formicid Delver)                   Turns: 1059, Time: 00:06:35

Health: -6/35      AC: 10    Str: 17    XL:     4   Next: 4%
Magic:  8/8        EV:  8    Int: 11    God:    Vehumet [......]
Gold:   69         SH:  0    Dex: 15    Spells: 9/9 levels left

rFire   . . .        a - +2 war axe (venom) {!f =f}
rCold   . . .        (no shield)
rNeg    . . .        j - +2 chain mail {rPois}
rPois   +            (helmet unavailable)
rElec   .            (no cloak)
rCorr   .            (no gloves)
SInv    +            (no boots)
Will    .....        (no amulet)
Stlth   +            (no ring)
HPRegen 0.25/turn    (no ring)
MPRegen 0.11/turn

%: no passive effects
@: no status effects
A: permanent stasis, dig shafts and tunnels, antennae 3, four strong arms
a: Dig, Shaft Self, Renounce Religion


You were on level 11 of the Dungeon.
You worshipped Vehumet.
Vehumet was noncommittal.
You visited 2 branches of the dungeon, and saw 9 of its levels.

You collected 69 gold pieces.

Inventory:

Hand Weapons
 a - a +2 war axe of venom (weapon) {!f =f}
 b - a +0 sling
 l - a +0 mace
 n - a +1 heavy falchion
Missiles
 i - 4 poisoned darts
Armour
 j - a +2 chain mail of poison resistance (worn)
 k - a +0 leather armour
Wands
 f - a wand of digging (3)
Scrolls
 c - a scroll of fog
 d - a scroll of magic mapping
 g - 2 scrolls of identify {unknown}
 m - a scroll of immolation {unknown}
Potions
 e - a potion of curing {unknown}
 h - a potion of might {unknown}
 o - a potion of haste {unknown}


   Skills:
 - Level 3.2 Fighting
 - Level 2.0 Maces & Flails
 - Level 1.7 Dodging
 - Level 6.0 Stealth
 + Level 3.3 Spellcasting


You had 9 spell levels left.
You didn't know any spells.
Your spell library was empty.

Dungeon Overview and Level Annotations

Branches:
Dungeon (12/15)            Temple (1/1) D:4
   Lair: D:8-11         Orc: D:9-12

Altars:
Ashenzari
Elyvilon
Fedhas
Gozag
Hepliaklqana
Kikubaaqudgha
Makhleb
Okawaru
Ru
Trog
Uskayaw
Vehumet
Yredelemnul
Zin
The Shining One

Annotations:
D:3 Sigmund
D:4 exclusion: upstairs
D:5 exclusions: downstairs, iguana and sensed monster (detected)
D:9 exclusion: downstairs
D:11 exclusion: downstairs


Innate Abilities, Weirdness & Mutations

You cannot be hasted, slowed, berserked, paralysed or teleported.
You can dig through walls and to a lower floor.
You have a pair of large antennae on your head. (SInv)
Your four strong arms can wield two-handed weapons with a shield.


Message History

The kobold moves out of view.
A kobold comes into view. It is wielding a +0 whip.
Found a scroll labelled KEWNOTW LIBB.
The kobold shouts!
You hear a shout!
A kobold comes into view. It is wielding a +0 dagger. x2
A kobold brigand comes into view.
It is wielding a +0 dagger and quivering poisoned darts.
The kobold shouts!
The kobold brigand shouts!
Are you sure you want to shaft yourself?
The boulder beetle leaps!
The kobold throws a poisoned dart.
The poisoned dart hits you!
You begin to dig a shaft.
You continue digging a shaft.
A shaft appears beneath you!
You fall into a shaft and drop 2 floors!
The shaft crumbles and collapses.
Found a pink potion.
Found a stone staircase leading down.
o - a pink potion
Found 17 gold pieces.
There is a stone staircase leading down here.
You climb downwards.
The orc shouts!
You hear a shout!
There is a stone staircase leading up here.
You climb upwards.
There is a stone staircase leading down here.
Press: ? - help, v - describe, . - travel A stone staircase leading down.
Placed new exclusion.
Reduced exclusion size to a single square.
Unknown command.
Unknown command.
Found a gnarled jewelled staff.
A cyclops comes into view.
The cyclops shouts!
The cyclops throws a large rock.
The large rock hits you!
You see here a staff of fire.
Are you sure you want to shaft yourself?
The cyclops throws a large rock.
The large rock hits you!
* * * LOW HITPOINT WARNING * * *
You begin to dig a shaft.
You continue digging a shaft.
The cyclops throws a large rock.
The large rock hits you!
You die...

... #C# #.# #.# #.#
#.# #.# #@# #.# ###
#.##############
.....#..............#
#.$...>...#########
##.######.# #. #.# #
... ###. #. #.


You could see a cyclops.

Vanquished Creatures
  2 adders (D:5)
  An ufetubus (D:4)
  A dart slug (D:4)
  5 orcs (D:4)
  A ball python (D:4)
  A giant cockroach (D:4)
  2 goblins (D:4)
  3 jackals (D:4)
  2 kobolds
  A quokka (D:4)
19 creatures vanquished.

Notes
Turn   | Place    | Note
-------+----------+-------------------------------------------
     0 | D:5      | petzl the Formicid Delver began the quest for the Orb.
     0 | D:5      | Reached XP level 1. HP: 18/18 MP: 1/1
    31 | D:6      | Noticed a scorpion
    32 | D:6      | Noticed a bullfrog
    34 | D:6      | Noticed an iguana
   111 | D:5      | Noticed an iguana
   150 | D:5      | Reached skill level 1 in Spellcasting
   150 | D:5      | Reached XP level 2. HP: 24/24 MP: 1/4
   339 | D:4      | Reached XP level 3. HP: 22/29 MP: 6/6
   403 | D:4      | Found a staircase to the Ecumenical Temple.
   409 | Temple   | Entered the Ecumenical Temple
   458 | Temple   | Became a worshipper of Vehumet
   669 | D:4      | Noticed a black bear
   825 | D:3      | Noticed Sigmund
   826 | D:3      | Found a glowing golden altar of the Shining One.
   898 | D:4      | Reached XP level 4. HP: 14/35 MP: 8/8
   900 | D:4      | You fall into a shaft and drop 2 floors!
   906 | D:6      | Noticed an ice beast
   917 | D:6      | Noticed an ogre
   926 | D:6      | You fall into a shaft and drop 3 floors!
  1002 | D:10     | Entered Level 10 of the Dungeon
  1002 | D:10     | Noticed an orc warrior
  1010 | D:9      | Noticed a boulder beetle
  1037 | D:9      | Noticed a kobold brigand
  1040 | D:9      | You fall into a shaft and drop 2 floors!
  1056 | D:11     | Noticed a cyclops
  1059 | D:11     | Hit by a large rock thrown by a cyclops

Illustrated notes

Levels and vault maps discovered:
D:3:      layout_basic, mainiacjoe_overflow_chevrons, grunt_decor_junction,
          minmay_misc_feat_more_columns, uniq_sigmund
D:4:      layout_basic, minmay_temple_entry_enclosed_plants, serial_shops,
          nicolae_shop_rolling_square, minmay_misc_feat_four_crosses,
          chequers_serial_rivers_micro_c, dreamdust_princess_corridor,
          minmay_divided_ellipse
D:5:      layout_loops_cross, marbit_many_paths, serial_glass, glass_columns_a,
          glass_columns_a, feat_on_display, feat_on_display, item_on_display_a,
          item_on_display_a, uniq_duvessa, uniq_edmund, uniq_crazy_yiuf_cottage
D:6:      layout_cave_pools, corexii_corridor_pit
D:9:      layout_loops_ring, enter_bailey_4
D:10:     layout_rooms, gammafunk_temple_overflow_forgotten, erik_orc_1,
          minivault_19, uniq_harold
D:11:     layout_loops_ring, special_room [special_room_orc],
          eino_small_chamber_without_monster, kennysheep_okawaru_gauntlet
D:12:     layout_gridville
Temple:   eino_temple_lava

Skill      XL: |  1  2  3 |
---------------+----------+-----
Spellcasting   | 1 2 3 |  3.3
Fighting       | |  3.2
Maces & Flails | |  2.0
Dodging        | |  1.7
Stealth        | |  6.0

Action                     |  1- 3 |  4- 6 || total
---------------------------+-------+-------++-------
  Melee: Mace              |    42 |       ||    42
         Falchion          |    22 |       ||    22
         War axe           |     5 |       ||     5
         Punch             |     1 |       ||     1
   Fire: Sling             |     5 |       ||     5
Ability: Shaft Self        |       |     4 ||     4
    Use: Scroll            |     1 |       ||     1
 Armour: Chain mail        |    45 |     4 ||    49
         Leather armour    |     1 |       ||     1
  Dodge: Dodged            |    41 |     6 ||    47

Table legend: (Time is in decaauts)
 A = Elapsed time spent in this place.
 B = Non-inter-level travel time spent in this place.
 C = Inter-level travel time spent in this place.
 D = Time resting spent in this place.
 E = Time spent auto-exploring this place.
 F = Levels seen in this place.
 G = Mean time per level.
                   A        B        C        D        E       F      G
               +--------+--------+--------+--------+--------+-----+--------+
         Total |   1096 |   1050 |     46 |    190 |    192 |   9 |  121.8 |
       Dungeon |    956 |    919 |     37 |    111 |    163 |   8 |  119.5 |
        Temple |    140 |    131 |      9 |     79 |     29 |   1 |  140.0 |
               +--------+--------+--------+--------+--------+-----+--------+

Top non-repeatable levels by time:
     D:4: 441 daAuts
     D:5: 310 daAuts
  Temple: 140 daAuts
     D:9: 112 daAuts
     D:6: 37 daAuts
     D:3: 33 daAuts
    D:11: 17 daAuts
    D:12: 1 daAuts
    D:10: 1 daAuts
